 Dungeon Crawl Stone Soup version 0.30.1-4-g462c640d31 (webtiles) character file.

Game seed: 7718369894548873636

7641 GimliDwarf the Martial Artist (level 11, -28/86 HPs)
             Began as a Gnoll Wanderer on Aug 11, 2023.
             Was an Elder of Okawaru.
             Annihilated by Erolcha
             ... wielding a +0 giant club
              (35 damage)
             ... on level 9 of the Dungeon.
             The game lasted 00:37:07 (9974 turns).

GimliDwarf the Martial Artist (Gnoll Wanderer)      Turns: 9974, Time: 00:37:08

Health: -28/86     AC: 17    Str:  8    XL:     11   Next: 18%
Magic:  22/29      EV: 13    Int: 13    God:    Okawaru [****..]
Gold:   589        SH:  5    Dex: 19    Spells: 4/22 levels left

rFire   . . .        a - +1 sling
rCold   + . .        (no shield)
rNeg    . . .        u - +1 swamp dragon scales
rPois   +            (no helmet)
rElec   .            (no cloak)
rCorr   .            (no gloves)
SInv    .            k - +2 pair of boots
Will    .....        g - amulet of reflection
Stlth   +++          j - +4 ring of protection
HPRegen 0.34/turn    h - ring "Mixke" {rC+ MP+9 Str-2 Int+3 Slay+6}
MPRegen 0.21/turn

%: reflection
@: very slightly contaminated, invisible
A: fangs 1, strong nose, distributed training
a: Renounce Religion, Heroism, Finesse


You were on level 9 of the Dungeon.
You worshipped Okawaru.
Okawaru was greatly pleased with you.
You visited 2 branches of the dungeon, and saw 10 of its levels.

You collected 589 gold pieces.

Inventory:

Hand Weapons
 a - a +1 sling (weapon)
 v - a +4 falchion of draining
 x - a +5 flail
 y - a +4 scimitar of flaming
Missiles
 i - a boomerang
 l - an atropa-tipped dart
 q - 3 silver javelins
Armour
 k - a +2 pair of boots (worn)
 u - +1 swamp dragon scales (worn)
Magical Staves
 r - a staff of conjuration
Jewellery
 g - an amulet of reflection (around neck)
 h - the ring "Mixke" (right hand) {rC+ MP+9 Str-2 Int+3 Slay+6}
   (You found it on level 8 of the Dungeon)

   [ring of magical power]

   Str:       It affects your strength (-2).
   Int:       It affects your intelligence (+3).
   Slay:      It affects your accuracy & damage with ranged weapons and melee
   (+6).
   rC:        It protects you from cold.
   MP:        It affects your magic capacity (+9).
 j - a +4 ring of protection (left hand)
Scrolls
 b - 4 scrolls of blinking
 c - 2 scrolls of fear
 n - a scroll of teleportation
Potions
 d - 2 potions of haste
 e - a potion of cancellation {unknown}
 f - 2 potions of lignification
 o - 9 potions of curing
 p - 2 potions of brilliance
 s - 3 potions of might {unknown}
 t - a potion of mutation


   Skills:
 + Level 7.8 Fighting
 + Level 6.2 Short Blades
 + Level 6.2 Long Blades
 + Level 6.2 Axes
 + Level 6.2 Maces & Flails
 + Level 6.2 Polearms
 + Level 6.2 Staves
 + Level 7.8 Ranged Weapons
 + Level 6.2 Throwing
 + Level 6.2 Armour
 + Level 6.2 Dodging
 + Level 6.7 Stealth
 + Level 6.2 Shields
 + Level 10.6 Unarmed Combat
 + Level 6.2 Spellcasting
 + Level 5.2 Conjurations
 + Level 5.2 Hexes
 + Level 5.2 Summonings
 + Level 5.2 Necromancy
 + Level 5.2 Translocations
 + Level 5.2 Transmutations
 + Level 5.2 Fire Magic
 + Level 5.2 Ice Magic
 + Level 5.2 Air Magic
 + Level 5.2 Earth Magic
 + Level 5.2 Poison Magic
 + Level 6.9 Invocations
 + Level 6.8 Evocations


You had 4 spell levels left.
You knew the following spells:

 Your Spells              Type           Power      Damage    Failure   Level
a - Summon Small Mammal   Summ           68%        N/A       5%          1
b - Necrotise             Necr           68%        1d7       5%          1
c - Scorch                Fire           34%        2d6       8%          2
d - Frozen Ramparts       Ice            34%        1d6       16%         3
e - Vhi's Electric Charg  Tloc/Air       34%        N/A       16%         3
f - Mephitic Cloud        Conj/Pois/Air  17%        N/A       16%         3
g - Poisonous Vapours     Pois/Air       34%        N/A       8%          2
h - Vampiric Draining     Necr           17%        2d7       16%         3

Your spell library contained the following spells:

 Spells                   Type           Power      Damage    Failure   Level
 Apportation              Tloc           34%        N/A       5%          1
 Ozocubu's Armour         Ice            17%        N/A       16%         3
 Flame Wave               Conj/Fire      17%        2d7       45%         4
 Ice Form                 Ice/Tmut       17%        N/A       45%         4
 Agony                    Necr           17%        N/A       82%         5
 Arcjolt                  Conj/Air       8%         1d18      82%         5
 Freezing Cloud           Conj/Ice/Air   8%         6-21      82%         5
 Plasma Beam              Fire/Air       8%         2x1d21    100%        6
 Ozocubu's Refrigeration  Ice            8%         4d9       100%        7
 Summon Ice Beast         Ice/Summ       Unusable   N/A       N/A         4
 Summon Cactus Giant      Summ           Unusable   N/A       N/A         6

Dungeon Overview and Level Annotations

Branches:
Dungeon (9/15)             Temple (1/1) D:4             Orc (0/2) D:9
   Lair: D:8-11

Altars:
Ashenzari
Cheibriados
Dithmenos
Elyvilon
Fedhas
Gozag
Hepliaklqana
Kikubaaqudgha
Makhleb
Nemelex Xobeh
Okawaru
Qazlal
Sif Muna
Trog
Uskayaw
Vehumet
Wu Jian
Xom
Yredelemnul
Zin
The Shining One

Annotations:
D:3 Grinder, Ijyb
D:9 Erolcha


Innate Abilities, Weirdness & Mutations

You have very sharp teeth.
Your uncanny sense of smell can sniff out nearby items.
Your experience applies equally to all skills.


Message History

Press: ? - help, Shift-Dir - straight line The mass of ice explodes!
The iceblast engulfs something!!
The now-empty wand crumbles to dust.
You aren't carrying any items that you can evoke.
Casting: Poisonous Vapours (safe; 8% risk of failure)
Confirm with . or Enter, or press ? or * to list all spells.
Aiming: Mephitic Cloud (dangerous; 16% risk of failure)
Press: ? - help, Shift-Dir - straight line You miscast Mephitic Cloud.
You are very lightly contaminated with residual magic.
Nothing appears to happen.
Casting: Mephitic Cloud (dangerous; 16% risk of failure)
Confirm with . or Enter, or press ? or * to list all spells.
Aiming: Mephitic Cloud (dangerous; 16% risk of failure)
Press: ? - help, Shift-Dir - straight line The ball explodes into a vile cloud!
The stinking cloud engulfs something but does no damage.
Something hits you!
You shoot a sling bullet. You shoot a sling bullet. Something hits you.
You shoot a sling bullet. Something hits you!
You shoot a sling bullet. Something hits you.
You shoot a sling bullet.
Your magical contamination has completely faded away.
You shoot a sling bullet. Something hits you but does no damage.
You shoot a sling bullet. Something hits you!
You shoot a sling bullet. Something hits you but does no damage.
You shoot a sling bullet. You shoot a sling bullet. Something hits you!!
Casting: Mephitic Cloud (dangerous; 16% risk of failure)
Confirm with . or Enter, or press ? or * to list all spells.
Aiming: Vampiric Draining (dangerous; 16% risk of failure)
Press: ? - help, Shift-Dir - straight line You miscast Vampiric Draining.
You are very lightly contaminated with residual magic.
Nothing appears to happen.
Something hits you!!
* * * LOW HITPOINT WARNING * * *
You fade into invisibility!
Something hits you!!
You die...

#....._.....# #
#...#####...# #.
#...#...#...# .###
#...#..[#...# ..#
#..#...#..# ####.###
#..#####..# ..[....#
#...._....# .......#
#...@{..# .......#
#.......#
.......######.......#
.......##...........#
..........###.......#
.......#### #.......#
###.#### ######.##
#.# #.# #.# #.#


There were no monsters in sight!

Vanquished Creatures
  Erica (D:9)
  A two-headed ogre (D:9)
  Joseph (D:7)
  Maggie (D:7)
  2 hornets
  3 yaks (D:9)
  A wraith (D:9)
  2 wyverns (D:9)
  A steam dragon (D:6)
  4 ice beasts
  5 orc warriors
  3 black bears
  6 ogres
  A sky beast (D:6)
  3 centaurs
  A phantom (D:4)
  A kobold brigand (D:6)
  A gnoll sergeant (D:8)
  2 bullfrogs
  2 scorpions (D:5)
  9 wights
  11 killer bees
  3 howler monkeys
  2 jellies
  2 gnoll boudas
  5 orc priests
  2 iguanas (D:5)
  9 orc wizards
  21 gnolls
  5 adders
  A shadow imp (D:7)
  A white imp (D:7)
  3 ufetubi
  3 worms
  3 dart slugs
  41 orcs
  6 ball pythons
  7 bats
  10 endoplasms
  8 giant cockroaches
  4 goblins
  7 hobgoblins
  9 jackals
  A quokka (D:2)
  6 frilled lizards
  11 kobolds
  5 rats
237 creatures vanquished.

Vanquished Creatures (collateral kills)
  A rat (D:3)
1 creature vanquished.

Vanquished Creatures (others)
  An angel (D:9)
1 creature vanquished.

Grand Total: 239 creatures vanquished

Notes
Turn   | Place    | Note
-------+----------+-------------------------------------------
     0 | D:1      | GimliDwarf the Gnoll Wanderer began the quest for the Orb.
     0 | D:1      | GimliDwarf set off with the following items: a +1 sling, a
                  | scroll of blinking, a scroll of fear, a potion of haste, a
                  | +0 leather armour.
     0 | D:1      | Reached XP level 1. HP: 20/20 MP: 1/1
   108 | D:1      | Reached XP level 2. HP: 26/26 MP: 2/2
   330 | D:1      | Reached XP level 3. HP: 28/31 MP: 3/3
   361 | D:1      | Reached skill level 1 in Invocations
   378 | D:1      | Found a faded altar of an unknown god.
   918 | D:2      | Reached skill level 1 in Short Blades
   918 | D:2      | Reached skill level 1 in Long Blades
   918 | D:2      | Reached skill level 1 in Axes
   918 | D:2      | Reached skill level 1 in Maces & Flails
   918 | D:2      | Reached skill level 1 in Polearms
   918 | D:2      | Reached skill level 1 in Staves
   918 | D:2      | Reached skill level 1 in Throwing
   918 | D:2      | Reached skill level 1 in Armour
   918 | D:2      | Reached skill level 1 in Dodging
   918 | D:2      | Reached skill level 1 in Shields
   918 | D:2      | Reached skill level 1 in Spellcasting
   920 | D:2      | Reached XP level 4. HP: 38/38 MP: 5/5
   930 | D:2      | Reached skill level 1 in Conjurations
   930 | D:2      | Reached skill level 1 in Hexes
   930 | D:2      | Reached skill level 1 in Summonings
   930 | D:2      | Reached skill level 1 in Necromancy
   930 | D:2      | Reached skill level 1 in Translocations
   930 | D:2      | Reached skill level 1 in Transmutations
   930 | D:2      | Reached skill level 1 in Fire Magic
   930 | D:2      | Reached skill level 1 in Ice Magic
   930 | D:2      | Reached skill level 1 in Air Magic
   930 | D:2      | Reached skill level 1 in Earth Magic
   930 | D:2      | Reached skill level 1 in Poison Magic
  1671 | D:3      | Noticed Grinder
  1903 | D:3      | Reached XP level 5. HP: 38/43 MP: 5/7
  2379 | D:3      | Learned a level 1 spell: Summon Small Mammal
  2381 | D:3      | Learned a level 1 spell: Necrotise
  2392 | D:3      | Noticed Ijyb
  2433 | D:3      | Paralysed by something for 3 turns
  3081 | D:4      | Noticed an ogre
  3174 | D:4      | Killed an ogre
  3175 | D:4      | Reached skill level 5 in Fighting
  3175 | D:4      | Reached skill level 5 in Ranged Weapons
  3175 | D:4      | Reached XP level 6. HP: 31/51 MP: 7/9
  3588 | D:4      | Found a staircase to the Ecumenical Temple.
  3597 | Temple   | Entered the Ecumenical Temple
  3774 | Temple   | Became a worshipper of Warmaster Okawaru
  3837 | D:5      | Entered Level 5 of the Dungeon
  4012 | D:5      | Reached XP level 7. HP: 50/56 MP: 10/10
  4555 | D:5      | Reached skill level 9 in Unarmed Combat
  4864 | D:5      | Reached * piety under Okawaru
  4865 | D:5      | Reached XP level 8. HP: 40/63 MP: 12/12
  4958 | D:5      | Learned a level 2 spell: Scorch
  4962 | D:5      | Learned a level 3 spell: Frozen Ramparts
  6114 | D:6      | Reached ** piety under Okawaru
  6165 | D:6      | Found the +6 shillelagh "Devastator" {shatter}
  6397 | D:6      | Reached XP level 9. HP: 69/69 MP: 14/14
  6937 | D:7      | Reached skill level 5 in Evocations
  7131 | D:7      | Reached skill level 5 in Stealth
  7363 | D:7      | Learned a level 3 spell: Vhi's Electric Charge
  7474 | D:7      | Reached skill level 5 in Invocations
  7484 | D:7      | Reached *** piety under Okawaru
  7674 | D:7      | Noticed Maggie
  7681 | D:7      | Killed Maggie
  7875 | D:7      | Noticed Joseph
  7962 | D:7      | Killed Joseph
  7962 | D:7      | Reached **** piety under Okawaru
  7963 | D:7      | Reached skill level 5 in Short Blades
  7963 | D:7      | Reached skill level 5 in Long Blades
  7963 | D:7      | Reached skill level 5 in Axes
  7963 | D:7      | Reached skill level 5 in Maces & Flails
  7963 | D:7      | Reached skill level 5 in Polearms
  7963 | D:7      | Reached skill level 5 in Staves
  7963 | D:7      | Reached skill level 5 in Throwing
  7963 | D:7      | Reached skill level 5 in Armour
  7963 | D:7      | Reached skill level 5 in Dodging
  7963 | D:7      | Reached skill level 5 in Shields
  7963 | D:7      | Reached skill level 5 in Spellcasting
  7963 | D:7      | Reached XP level 10. HP: 61/77 MP: 17/17
  8071 | D:8      | Reached skill level 10 in Unarmed Combat
  8081 | D:8      | Received a gift from Okawaru
  8618 | D:8      | Identified the ring "Mixke" {rC+ MP+9 Str-2 Int+3 Slay+6}
  9072 | D:9      | Noticed Erica
  9085 | D:9      | Killed Erica
  9188 | D:9      | Killed an angel
  9372 | D:9      | Reached skill level 5 in Conjurations
  9372 | D:9      | Reached skill level 5 in Hexes
  9372 | D:9      | Reached skill level 5 in Summonings
  9372 | D:9      | Reached skill level 5 in Necromancy
  9372 | D:9      | Reached skill level 5 in Translocations
  9372 | D:9      | Reached skill level 5 in Transmutations
  9372 | D:9      | Reached skill level 5 in Fire Magic
  9372 | D:9      | Reached skill level 5 in Ice Magic
  9372 | D:9      | Reached skill level 5 in Air Magic
  9372 | D:9      | Reached skill level 5 in Earth Magic
  9372 | D:9      | Reached skill level 5 in Poison Magic
  9372 | D:9      | Reached XP level 11. HP: 79/85 MP: 20/20
  9427 | D:9      | Noticed a two-headed ogre
  9443 | D:9      | Killed a two-headed ogre
  9443 | D:9      | Received a gift from Okawaru
  9852 | D:9      | Found a staircase to the Orcish Mines.
  9925 | D:9      | Found a glowing silver altar of Zin.
  9930 | D:9      | Found a shimmering altar of Xom.
  9930 | D:9      | Noticed Erolcha
  9939 | D:9      | Learned a level 3 spell: Mephitic Cloud
  9942 | D:9      | Learned a level 2 spell: Poisonous Vapours
  9946 | D:9      | Learned a level 3 spell: Vampiric Draining
  9974 | D:9      | Annihilated by Erolcha

Illustrated notes

Levels and vault maps discovered:
D:1:      sevenhm_arrival_forest_fort_large_4, layout_rooms,
          chequers_ecumenical_altar_island, minmay_fountain_box
D:2:      layout_basic, minmay_small_reverse_x
D:3:      layout_loops_ring, uniq_ijyb, uniq_grinder
D:4:      layout_gridville, minmay_temple_entry_glassed_door, corner_web_ring,
          nicolae_nh_ransacked_shop
D:5:      layout_cave_pods
D:6:      layout_loops_ring, dilly_guarded_unrand_devastator
D:7:      layout_basic, uniq_joseph, uniq_maggie
D:8:      layout_basic
D:9:      layout_roguey, grunt_temple_overflow_order_and_chaos_1, david_orc_2,
          uniq_erolcha, uniq_harold, uniq_erica
Temple:   nicolae_temple_bog_church

Skill      XL: |  1  2  3  4  5  6  7  8  9 10 |
---------------+-------------------------------+-----
Invocations    | 1 2 3 4 5 6 |  6.9
Short Blades   | 1 2 3 5 6 |  6.2
Long Blades    | 1 2 3 5 6 |  6.2
Axes           | 1 2 3 5 6 |  6.2
Maces & Flails | 1 2 3 5 6 |  6.2
Polearms       | 1 2 3 5 6 |  6.2
Staves         | 1 2 3 5 6 |  6.2
Throwing       | 1 2 3 5 6 |  6.2
Armour         | 1 2 3 5 6 |  6.2
Dodging        | 1 2 3 5 6 |  6.2
Shields        | 1 2 3 5 6 |  6.2
Spellcasting   | 1 2 3 5 6 |  6.2
Conjurations   | 1 2 3 4 5 |  5.2
Hexes          | 1 2 3 4 5 |  5.2
Summonings     | 1 2 3 4 5 |  5.2
Necromancy     | 1 2 3 4 5 |  5.2
Translocations | 1 2 3 4 5 |  5.2
Transmutations | 1 2 3 4 5 |  5.2
Fire Magic     | 1 2 3 4 5 |  5.2
Ice Magic      | 1 2 3 4 5 |  5.2
Air Magic      | 1 2 3 4 5 |  5.2
Earth Magic    | 1 2 3 4 5 |  5.2
Poison Magic   | 1 2 3 4 5 |  5.2
Evocations     | 3 4 5 6 |  6.8
Stealth        | 3 4 5 6 |  6.7
Fighting       | 5 6 7 |  7.8
Ranged Weapons | 5 6 7 |  7.8
Unarmed Combat | 9 10 | 10.6

Action                     |  1- 3 |  4- 6 |  7- 9 | 10-12 || total
---------------------------+-------+-------+-------+-------++-------
  Melee: Sling             |       |     2 |       |       ||     2
   Fire: Sling             |   101 |   271 |   320 |   282 ||   974
  Throw: Javelin           |       |     1 |     3 |     8 ||    12
         Dart              |       |       |       |     5 ||     5
   Cast: Summon Small Mamm |       |     3 |       |       ||     3
         Scorch            |       |       |     6 |     1 ||     7
         Frozen Ramparts   |       |       |     5 |     1 ||     6
         Mephitic Cloud    |       |       |       |     1 ||     1
         Poisonous Vapours |       |       |       |     1 ||     1
 Invoke: Finesse           |       |       |       |     4 ||     4
         Heroism           |       |       |       |     2 ||     2
  Evoke: Wand              |       |     2 |    11 |     3 ||    16
    Use: Scroll            |       |     6 |     8 |     3 ||    17
         Potion            |       |       |       |     3 ||     3
 Armour: Leather armour    |    11 |    85 |    74 |       ||   170
         Swamp dragon scal |       |       |     1 |    68 ||    69
  Dodge: Dodged            |    10 |   105 |   112 |   106 ||   333
  Block: Other             |     2 |    50 |    49 |    33 ||   134
         Reflection        |       |     6 |     4 |     1 ||    11
